TOP OF THE 1ST |
Little Rock Lemmiwinks batting - Pitching for Cincinnati Pride : RHP Ben Larsen
|
Pitching: RHP Ben Larsen
|
|
Batting: RHB Álex Martínez
|
0-0: Called Strike 0-1: Foul Ball, location: 2F 0-2: Strikes out swinging
|
Batting: LHB Manny Robles
|
0-0: Swinging Strike 0-1: Called Strike 0-2: Strikes out swinging
|
Batting: LHB Horace Kramer
|
0-0: Ball 1-0: Ball 2-0: Ball 3-0: Base on Balls
|
Batting: RHB Roberto Valdéz
|
0-0: Ball 1-0: Called Strike 1-1: Ball 2-1: Ball 3-1: Ground out 5-3 (Groundball, 56S)
|
Top of the 1st over - 0 runs, 0 hits, 0 errors, 1 left on base; Little Rock 0 - Cincinnati 0 |
BOTTOM OF THE 1ST |
Cincinnati Pride batting - Pitching for Little Rock Lemmiwinks : RHP Brian Harvey
|
Pitching: RHP Brian Harvey
|
|
Batting: LHB Rubén Eirado
|
0-0: Fly out, F7 (Flyball, 7)
|
Batting: RHB Noah Sturges
|
0-0: Reached on error, E5 (Groundball, 56)
|
Batting: LHB Kevin Hatcher
|
0-0: Ball 1-0: Foul Ball, location: 2F 1-1: Foul Ball, location: 2F 1-2: Strikes out swinging
|
Batting: SHB Jorge Maldonado
|
0-0: Ground out 4-3 (Groundball, 34D)
|
Bottom of the 1st over - 0 runs, 0 hits, 1 error, 1 left on base; Little Rock 0 - Cincinnati 0 |
TOP OF THE 2ND |
Little Rock Lemmiwinks batting - Pitching for Cincinnati Pride : RHP Ben Larsen
|
Batting: LHB Greg MacCanish
|
0-0: Called Strike 0-1: Foul Ball, location: 2F 0-2: Ball 1-2: Ball 2-2: Ground out 4-3 (Groundball, 4)
|
Batting: RHB Ánibal Soto
|
0-0: Called Strike 0-1: Fly out, F7 (Flyball, 7LMF)
|
Batting: RHB Carlos Estrada
|
0-0: Foul Ball, location: 2F 0-1: Ball 1-1: Ball 2-1: Ground out 6-3 (Groundball, 6)
|
Top of the 2nd over - 0 runs, 0 hits, 0 errors, 0 left on base; Little Rock 0 - Cincinnati 0 |
BOTTOM OF THE 2ND |
Cincinnati Pride batting - Pitching for Little Rock Lemmiwinks : RHP Brian Harvey
|
Batting: LHB Al Dooley
|
0-0: Swinging Strike 0-1: Called Strike 0-2: Foul Ball, location: 2F 0-2: Fly out, F8 (Flyball, 8LD)
|
Batting: RHB Luis Manuel Medrano
|
0-0: Ball 1-0: Ball 2-0: Ball 3-0: Called Strike 3-1: Base on Balls
|
Batting: RHB Owen Grant
|
0-0: Ball Luis Manuel Medrano is caught stealing 2nd base 1-0: Ball 2-0: Ball 3-0: Called Strike 3-1: Called Strike 3-2: Foul Ball, location: 2F 3-2: Foul Ball, location: 2F 3-2: Foul Ball, location: 2F 3-2: Foul Ball, location: 2F 3-2: Strikes out swinging
|
Bottom of the 2nd over - 0 runs, 0 hits, 0 errors, 0 left on base; Little Rock 0 - Cincinnati 0 |
TOP OF THE 3RD |
Little Rock Lemmiwinks batting - Pitching for Cincinnati Pride : RHP Ben Larsen
|
Batting: RHB Glen Madden
|
0-0: Ball 1-0: Ball 2-0: Called Strike 2-1: Foul Ball, location: 2F 2-2: Foul Ball, location: 2F 2-2: Reached on error, E3 (Groundball, 34S)
|
Batting: RHB Norberto Gallardo
|
0-0: Fielders Choice at 2nd, 5-4 (Groundball, 56)
|
Batting: RHB Álex Martínez
|
0-0: Ball 1-0: Ball Norberto Gallardo steals 2nd base 2-0: Swinging Strike 2-1: Foul Ball, location: 2F 2-2: Strikes out swinging
|
Batting: LHB Manny Robles
|
0-0: Ball 1-0: Ball 2-0: Swinging Strike 2-1: Ground out 4-3 (Groundball, 4)
|
Top of the 3rd over - 0 runs, 0 hits, 1 error, 1 left on base; Little Rock 0 - Cincinnati 0 |
BOTTOM OF THE 3RD |
Cincinnati Pride batting - Pitching for Little Rock Lemmiwinks : RHP Brian Harvey
|
Now at SS: Benjamin Monroe
|
|
Batting: LHB Gene Cherry
|
0-0: Ball 1-0: Swinging Strike 1-1: Ground out 5-3 (Groundball, 5L)
|
Batting: RHB Ed Hines
|
0-0: Ball 1-0: Called Strike 1-1: Fly out, F9 (Flyball, 9LD)
|
Batting: LHB Rubén Eirado
|
0-0: Swinging Strike 0-1: Foul Ball, location: 2F 0-2: Ball 1-2: Ground out 6-3 (Groundball, 6)
|
Bottom of the 3rd over - 0 runs, 0 hits, 0 errors, 0 left on base; Little Rock 0 - Cincinnati 0 |
TOP OF THE 4TH |
Little Rock Lemmiwinks batting - Pitching for Cincinnati Pride : RHP Ben Larsen
|
Batting: LHB Horace Kramer
|
0-0: Ball 1-0: Ball 2-0: Foul Ball, location: 2F 2-1: Ball 3-1: Foul Ball, location: 2F 3-2: Foul Ball, location: 2F 3-2: Foul Ball, location: 2F 3-2: Fly out, F9 (Flyball, 9D)
|
Batting: RHB Roberto Valdéz
|
0-0: Ball 1-0: Called Strike 1-1: Foul Ball, location: 2F 1-2: Ground out 1-3 (Groundball, P)
|
Batting: LHB Greg MacCanish
|
0-0: Called Strike 0-1: Foul Ball, location: 2F 0-2: Ball 1-2: Foul Ball, location: 2F 1-2: SINGLE (Flyball, 89S)
|
Batting: RHB Ánibal Soto
|
0-0: Ball 1-0: Called Strike 1-1: SINGLE (Groundball, 56D) Greg MacCanish to second
|
Batting: RHB Carlos Estrada
|
0-0: Swinging Strike 0-1: Ball 1-1: Ball 2-1: Swinging Strike 2-2: Strikes out swinging
|
Top of the 4th over - 0 runs, 2 hits, 0 errors, 2 left on base; Little Rock 0 - Cincinnati 0 |
BOTTOM OF THE 4TH |
Cincinnati Pride batting - Pitching for Little Rock Lemmiwinks : RHP Brian Harvey
|
Batting: RHB Noah Sturges
|
0-0: Called Strike 0-1: Ball 1-1: Foul Ball, location: 2F 1-2: Foul Ball, location: 2F 1-2: Ground out 5-3 (Groundball, 56)
|
Batting: LHB Kevin Hatcher
|
0-0: Ball 1-0: Ball 2-0: Called Strike 2-1: Swinging Strike 2-2: Foul Ball, location: 2F 2-2: Ball 3-2: Base on Balls
|
Batting: SHB Jorge Maldonado
|
0-0: Ball 1-0: Ball 2-0: Foul Ball, location: 2F 2-1: Ball Kevin Hatcher is caught stealing 2nd base 3-1: Called Strike 3-2: Ground out 4-3 (Groundball, 4)
|
Bottom of the 4th over - 0 runs, 0 hits, 0 errors, 0 left on base; Little Rock 0 - Cincinnati 0 |
TOP OF THE 5TH |
Little Rock Lemmiwinks batting - Pitching for Cincinnati Pride : RHP Ben Larsen
|
Batting: RHB Benjamin Monroe
|
0-0: Ball 1-0: Ball 2-0: Swinging Strike 2-1: Foul Ball, location: 2F 2-2: Strikes out swinging
|
Batting: RHB Norberto Gallardo
|
0-0: Ball 1-0: Called Strike 1-1: SINGLE (Groundball, 56) (infield hit)
|
Pinch Runner at 1st Germán Vargas:
|
|
Batting: RHB Álex Martínez
|
0-0: Ball 1-0: Ball 2-0: Fly out, F7 (Flyball, 78M)
|
Batting: LHB Manny Robles
|
0-0: Ball 1-0: Foul Ball, location: 2F 1-1: Ground out 4-3 (Groundball, 34)
|
Top of the 5th over - 0 runs, 1 hit, 0 errors, 1 left on base; Little Rock 0 - Cincinnati 0 |
BOTTOM OF THE 5TH |
Cincinnati Pride batting - Pitching for Little Rock Lemmiwinks : RHP Brian Harvey
|
Now in RF: Germán Vargas
|
|
Batting: LHB Al Dooley
|
0-0: Ball 1-0: Swinging Strike 1-1: Swinging Strike 1-2: Ground out 4-3 (Groundball, 4)
|
Batting: RHB Luis Manuel Medrano
|
0-0: Ball 1-0: Ball 2-0: Foul Ball, location: 2F 2-1: Foul Ball, location: 2F 2-2: Fly out, F5 (Popup, 5SF)
|
Batting: RHB Owen Grant
|
0-0: Ground out 6-3 (Groundball, 6)
|
Bottom of the 5th over - 0 runs, 0 hits, 0 errors, 0 left on base; Little Rock 0 - Cincinnati 0 |
TOP OF THE 6TH |
Little Rock Lemmiwinks batting - Pitching for Cincinnati Pride : RHP Héctor Fabián
|
Pitching: RHP Héctor Fabián
|
|
Batting: LHB Horace Kramer
|
0-0: Swinging Strike 0-1: Ball 1-1: Swinging Strike 1-2: Strikes out looking
|
Batting: RHB Roberto Valdéz
|
0-0: Ball 1-0: Fly out, F7 (Flyball, 7LMF)
|
Batting: LHB Greg MacCanish
|
0-0: Ground out 5-3 (Groundball, 56S)
|
Top of the 6th over - 0 runs, 0 hits, 0 errors, 0 left on base; Little Rock 0 - Cincinnati 0 |
BOTTOM OF THE 6TH |
Cincinnati Pride batting - Pitching for Little Rock Lemmiwinks : RHP Brian Harvey
|
Batting: LHB Gene Cherry
|
0-0: SINGLE (Groundball, 6MD)
|
Batting: RHB Ed Hines
|
0-0: Ball 1-0: Called Strike 1-1: Ball 2-1: Foul Ball, location: 2F 2-2: Strikes out looking
|
Batting: LHB Rubén Eirado
|
0-0: Ball 1-0: Fielders Choice at 2nd, U4 (Groundball, 6M)
|
Batting: RHB Noah Sturges
|
0-0: Ball Rubén Eirado is caught stealing 2nd base
|
Bottom of the 6th over - 0 runs, 1 hit, 0 errors, 0 left on base; Little Rock 0 - Cincinnati 0 |
TOP OF THE 7TH |
Little Rock Lemmiwinks batting - Pitching for Cincinnati Pride : RHP Héctor Fabián
|
Batting: RHB Ánibal Soto
|
0-0: Ball 1-0: Foul Ball, location: 2F 1-1: Ball 2-1: Ball 3-1: Ground out 5-3 (Groundball, 56S)
|
Batting: RHB Carlos Estrada
|
0-0: Ball 1-0: Swinging Strike 1-1: Called Strike 1-2: Strikes out swinging
|
Pinch Hitting: LHB Cipriano Martínez
|
0-0: Fly out, F9 (Line Drive, 9D)
|
Top of the 7th over - 0 runs, 0 hits, 0 errors, 0 left on base; Little Rock 0 - Cincinnati 0 |
BOTTOM OF THE 7TH |
Cincinnati Pride batting - Pitching for Little Rock Lemmiwinks : RHP Brian Harvey
|
Now at SS: Cláudio Delgado
|
|
Batting: RHB Noah Sturges
|
0-0: Foul Ball, location: 2F 0-1: Ball 1-1: Called Strike 1-2: Foul Ball, location: 2F 1-2: Ball 2-2: Foul Ball, location: 2F 2-2: Strikes out looking
|
Batting: LHB Kevin Hatcher
|
0-0: Ball 1-0: Ball 2-0: SINGLE (Line Drive, 4MD)
|
Batting: SHB Jorge Maldonado
|
0-0: Ball 1-0: Swinging Strike 1-1: Fly out, F9 (Flyball, 89S)
|
Batting: LHB Al Dooley
|
0-0: Ball 1-0: Called Strike 1-1: Foul Ball, location: 2F 1-2: Foul Ball, location: 2F 1-2: Ground out 4-3 (Groundball, 4S)
|
Bottom of the 7th over - 0 runs, 1 hit, 0 errors, 1 left on base; Little Rock 0 - Cincinnati 0 |
TOP OF THE 8TH |
Little Rock Lemmiwinks batting - Pitching for Cincinnati Pride : RHP Héctor Fabián
|
Batting: RHB Germán Vargas
|
0-0: Foul Ball, location: 2F 0-1: Ball 1-1: Swinging Strike 1-2: SOLO HOME RUN (Line Drive, 78XD), Distance : 430 ft
|
Batting: RHB Álex Martínez
|
0-0: Ball 1-0: Swinging Strike 1-1: Ball 2-1: Foul Ball, location: 2F 2-2: Strikes out swinging
|
Pitching: LHP Juan Valentín
|
|
Batting: LHB Manny Robles
|
0-0: Called Strike 0-1: Swinging Strike 0-2: Foul Ball, location: 2F 0-2: Ball 1-2: Foul Ball, location: 2F 1-2: Ball 2-2: Fly out, F8 (Flyball, 8LS)
|
Batting: LHB Horace Kramer
|
0-0: TRIPLE (Line Drive, 8RXD)
|
Pitching: RHP Armando Rocha
|
|
Batting: RHB Roberto Valdéz
|
0-0: Swinging Strike 0-1: Ball 1-1: Ball 2-1: Called Strike 2-2: Strikes out swinging
|
Top of the 8th over - 1 run, 2 hits, 0 errors, 1 left on base; Little Rock 1 - Cincinnati 0 |
BOTTOM OF THE 8TH |
Cincinnati Pride batting - Pitching for Little Rock Lemmiwinks : RHP Brian Harvey
|
Now in LF: Álex Ochoa
|
|
Batting: RHB Luis Manuel Medrano
|
0-0: SINGLE (Line Drive, 6D)
|
Pinch Hitting: LHB Ed Ballard
|
0-0: Bunted foul 0-1: Sac Bunt - play at first, batter OUT! 1-4 Luis Manuel Medrano to second
|
Pinch Hitting: LHB Juan Ortíz
|
0-0: Called Strike 0-1: Ball 1-1: Called Strike 1-2: Ball 2-2: Ball 3-2: Foul Ball, location: 2F 3-2: Foul Ball, location: 2F 3-2: Base on Balls
|
Pinch Hitting: LHB José Esparza
|
0-0: Foul Ball, location: 2F 0-1: Ball 1-1: Ground out 5-3 (Groundball, 56S) Luis Manuel Medrano to third Juan Ortíz to second
|
Batting: LHB Rubén Eirado
|
0-0: Called Strike 0-1: Ball 1-1: DOUBLE (Groundball, 3L) Luis Manuel Medrano scores Juan Ortíz scores
|
Pitching: LHP Rubén López
|
|
Batting: RHB Noah Sturges
|
0-0: Foul Ball, location: 2F 0-1: Fly out, F9 (Flyball, 89M)
|
Bottom of the 8th over - 2 runs, 2 hits, 0 errors, 1 left on base; Little Rock 1 - Cincinnati 2 |
|